 Dungeon Crawl Stone Soup version 0.30-b1-2-g02819fbbbe (webtiles) character file.

Game seed: 7256249395530156946

5511 snakesoul the Geomancer (level 10, -8/58 HPs)
             Began as a Gargoyle Earth Elementalist on May 29, 2023.
             Was an Initiate of Vehumet.
             Killed by divine providence
             ... invoked by a meliai
              (14 damage)
             ... on level 9 of the Dungeon.
             The game lasted 00:25:50 (10284 turns).

snakesoul the Geomancer (GrEE)                     Turns: 10284, Time: 00:25:51

Health: -8/58      AC: 19    Str: 19    XL:     10   Next: 70%
Magic:  20/20      EV: 12    Int: 19    God:    Vehumet [......]
Gold:   352        SH:  0    Dex: 16    Spells: 13/23 levels left

rFire   + . .        X - staff of earth
rCold   . . .        (no shield)
rNeg    + + .        k - +2 leather armour "Juemog" {rF+ rN+ Dex+2}
rPois   ∞            y - +0 helmet
rElec   +            Q - +0 cloak
rCorr   .            P - +0 pair of gloves of Dishonesty {Dex+4}
SInv    .            (no boots)
Will    .....        w - amulet of regeneration
Stlth   ++           z - +4 ring of protection
HPRegen 1.09/turn    p - +6 ring of strength
MPRegen 0.17/turn

%: no passive effects
@: hasted, very quick
A: sickness immunity, AC +7, negative energy resistance 1, electricity
resistance, torment resistance 1, petrification resistance
a: Renounce Religion


You were on level 9 of the Dungeon.
You worshipped Vehumet.
Vehumet was noncommittal.
You visited 2 branches of the dungeon, and saw 10 of its levels.
You also visited: Ossuary.

You collected 609 gold pieces.
You spent 257 gold pieces at shops.

Inventory:

Hand Weapons
 h - a +3 whip of freezing
 G - the +8 broad axe "Geonkaa" {vamp, rCorr Str+3}
   (You acquired it in an ossuary)

   Str:       It affects your strength (+3).
   rCorr:     It protects you from acid and corrosion.
Missiles
 i - 33 poisoned darts
 j - 120 stones
 o - 2 throwing nets
 s - 5 silver javelins
 R - 5 javelins
Armour
 a - a +0 robe
 k - the +2 leather armour "Juemog" (worn) {rF+ rN+ Dex+2}
   (You found it on level 2 of the Dungeon)

   Dex:       It affects your dexterity (+2).
   rF:        It protects you from fire.
   rN:        It protects you from negative energy.
 y - a +0 helmet (worn)
 P - the +0 pair of gloves of Dishonesty (worn) {Dex+4}
   (You found it on level 6 of the Dungeon)

   Dex:       It affects your dexterity (+4).
 Q - a +0 cloak (worn)
Magical Staves
 l - a staff of death
 X - a staff of earth (weapon)
Jewellery
 n - an amulet of reflection
 p - a +6 ring of strength (right hand)
 w - an amulet of regeneration (around neck)
 z - a +4 ring of protection (left hand)
 O - an amulet of faith
 S - the amulet of Elemental Vulnerability {rPois rF-- rC-- AC+8}
   (You found it on level 7 of the Dungeon)

   [amulet of nothing]

   AC:        It affects your AC (+8).
   rF:        It makes you very vulnerable to fire.
   rC:        It makes you very vulnerable to cold.
   rPois:     It protects you from poison.
 T - a +6 ring of strength
Wands
 t - a wand of mindburst (6)
 v - a wand of flame (51)
 x - a wand of iceblast (30)
 M - a wand of polymorph (8)
 V - a wand of charming (8)
Scrolls
 b - 4 scrolls of vulnerability
 e - 4 scrolls of enchant weapon
 g - 2 scrolls of noise
 m - 2 scrolls of immolation
 A - a scroll of teleportation
 B - a scroll of blinking
 E - a scroll of torment
 H - 2 scrolls of poison {unknown}
 J - a scroll of magic mapping {unknown}
 N - a scroll of enchant armour {unknown}
 U - a scroll of butterflies {unknown}
 W - 3 scrolls of identify
 Y - a scroll of amnesia {unknown}
Potions
 c - 4 potions of degeneration {unknown}
 d - a potion of ambrosia {unknown}
 f - 6 potions of brilliance {unknown}
 q - 4 potions of berserk rage {unknown}
 r - a potion of invisibility {unknown}
 u - a potion of mutation {unknown}
 C - 2 potions of curing {unknown}
 D - a potion of haste
 F - a potion of heal wounds
 I - 4 potions of lignification {unknown}
 K - 2 potions of might {unknown}
 L - a potion of flight {unknown}


   Skills:
 + Level 4.6 Fighting
 - Level 1.5 Dodging
 - Level 2.1 Stealth
 + Level 7.0 Spellcasting
 + Level 7.1 Conjurations
 + Level 6.2 Transmutations
 * Level 10.8 Earth Magic


You had 13 spell levels left.
You knew the following spells:

 Your Spells              Type           Power      Damage    Failure   Level
a - Sandblast             Erth           100%       2d20      1%          1
b - Passwall              Tmut/Erth      46%        N/A       1%          2
c - Stone Arrow           Conj/Erth      100%       3d13      1%          3
d - Petrify               Tmut/Erth      56%        N/A       3%          4

Your spell library contained the following spells:

 Spells                   Type           Power      Damage    Failure   Level
 Chain Lightning          Conj/Air       10%        3d13      100%        9
 Fire Storm               Conj/Fire      10%        8d3       100%        9
 Shatter                  Erth           32%        3d26*     100%        9


Dungeon Overview and Level Annotations

Branches:
Dungeon (9/15)             Temple (1/1) D:4         Ossuary (visited)
   Lair: D:8-11         Orc: D:9-12

Altars:
Ashenzari
Cheibriados
Dithmenos
Elyvilon
Fedhas
Gozag
Hepliaklqana
Kikubaaqudgha
Makhleb
Nemelex Xobeh
Okawaru
Qazlal
Ru
Sif Muna
Trog
Uskayaw
Vehumet
Wu Jian
Xom
Yredelemnul
Zin
The Shining One

Shops:
D:2 !   D:6 ?

Annotations:
D:2 1 runed translucent door, Crazy Yiuf


Innate Abilities, Weirdness & Mutations

You are immune to sickness and miasma.
Your stone body is resilient. (AC +7)
You are immune to poison.
You resist negative energy. (rN+)
You are resistant to electric shocks. (rElec)
You are resistant to unholy torment.
You are immune to petrification.


Message History

Unknown command.
Unknown command.
Unknown command.
Blink to where?
Press: ? - help, Dir - move target, p - meliai
As you read the scroll of blinking, it crumbles to dust.
The meliai invokes the aid of its god against you.
Something smites you! The meliai hits you but does no damage.
The meliai misses you. The meliai attacks as you move away!
The meliai hits you but does no damage. The meliai barely misses you.
The meliai hits you with a +0 hand axe. The meliai stings you.
The meliai attacks as you move away! The meliai hits you but does no damage.
The meliai stings you but does no damage.
The meliai misses you. The meliai barely misses you.
The meliai closely misses you. The meliai stings you.
The meliai hits you with a +0 hand axe!
The meliai stings you but does no damage.
The meliai barely misses you.
The meliai stings you but does no damage.
The meliai barely misses you.
The meliai stings you but does no damage.
The meliai calls down the wrath of its god upon you.
Something smites you!
The meliai calls down the wrath of its god upon you.
Something smites you!
* * * LOW HITPOINT WARNING * * *
The meliai hits you but does no damage.
The meliai stings you but does no damage.
The meliai barely misses you. The meliai completely misses you.
You feel much better. The meliai closely misses you.
The meliai stings you but does no damage.
The meliai hits you with a +0 hand axe. The meliai stings you.
You feel yourself speed up.
The meliai mumbles some strange prayers to its god against you.
Something smites you!
* * * LOW HITPOINT WARNING * * *
The meliai mumbles some strange prayers to its god against you.
Something smites you!
You die...

##††.###.#.# #..#.....#.#
##†....###'.# #. #.....#.#
#.......###.# #.....'.# ##.....##
#.# .#.....#.# .
##...#####.##+##+#..#.....#.#
....###.##.............#######.#
......[........................##
.................................
......###cQ.D..y@..........<.....
....###c.#..................[....
..###....#............######.....
###.#.#.##...###+###### #.....
##.#D#.#.#...# #.....
...Q.....#...# #.....
##.#.#.#.#...# #.....
###.#.#.##...# #.....
.####....#...# ######.....


You could see an eight-headed hydra, a tengu warrior, a centaur warrior and a
meliai.

Vanquished Creatures
  Pikel (D:5)
  Maggie (D:6)
  Grinder (D:6)
  A troll (D:9)
  A hornet (D:9)
  A wraith (D:9)
  A yak (D:9)
  Edmund (D:5)
  Menkaure (Ossuary)
  4 water moccasins
  Duvessa (D:6)
  3 orc warriors
  2 ice beasts
  A sky beast (D:7)
  2 ogres (D:6)
  3 centaurs
  2 phantoms
  A kobold brigand (D:8)
  Blork the orc (D:6)
  A gnoll sergeant (D:6)
  A scorpion (D:6)
  4 wights
  Dowan (D:6)
  7 killer bees
  A vampire bat (D:9)
  A gnoll bouda (D:5)
  A hound (D:5)
  5 jellies
  8 orc priests
  4 iguanas
  14 orc wizards
  4 mummies
  3 gnolls (D:5)
  4 adders
  2 shadow imps (D:7)
  An ufetubus (D:5)
  2 worms
  3 dart slugs
  29 orcs
  13 ball pythons
  5 endoplasms
  6 giant cockroaches
  4 goblins
  12 hobgoblins
  2 jackals (D:2)
  3 quokkas
  14 bats
  4 frilled lizards
  3 gnoll skeletons (Ossuary)
  6 gnoll zombies (Ossuary)
  3 goblin skeletons (Ossuary)
  4 goblin zombies (Ossuary)
  5 hobgoblin skeletons (Ossuary)
  3 hobgoblin zombies (Ossuary)
  7 kobolds
  7 kobold skeletons (Ossuary)
  3 kobold zombies (Ossuary)
  5 orc skeletons (Ossuary)
  5 orc zombies (Ossuary)
  3 rats (D:1)
  2 rat skeletons (Ossuary)
  4 rat zombies (Ossuary)
248 creatures vanquished.

Notes
Turn   | Place    | Note
-------+----------+-------------------------------------------
     0 | D:1      | snakesoul the Gargoyle Earth Elementalist began the quest
                  | for the Orb.
     0 | D:1      | Reached XP level 1. HP: 10/10 MP: 3/3
    85 | D:1      | Reached skill level 1 in Transmutations
   138 | D:1      | Reached XP level 2. HP: 15/15 MP: 3/5
   286 | D:1      | Reached skill level 4 in Earth Magic
   405 | D:1      | Reached XP level 3. HP: 19/19 MP: 1/6
   667 | D:1      | Found a faded altar of an unknown god.
  1131 | D:2      | Found Seanoud's Distillery.
  1138 | D:2      | Bought a potion of heal wounds for 55 gold pieces
  1306 | D:2      | Identified the +2 leather armour "Juemog" {rF+ rN+ Dex+2}
  1325 | D:2      | Learned a level 2 spell: Passwall
  1329 | D:2      | Learned a level 3 spell: Stone Arrow
  1796 | D:2      | Reached XP level 4. HP: 24/24 MP: 6/8
  1882 | D:2      | Found a runed translucent door.
  1883 | D:2      | Noticed Crazy Yiuf
  2706 | D:3      | Reached XP level 5. HP: 28/28 MP: 4/9
  2739 | D:3      | Reached skill level 5 in Earth Magic
  2907 | D:3      | Learned a level 4 spell: Petrify
  3370 | D:4      | Found a staircase to the Ecumenical Temple.
  3385 | Temple   | Entered the Ecumenical Temple
  4115 | D:5      | Entered Level 5 of the Dungeon
  4148 | D:5      | Reached skill level 1 in Conjurations
  4148 | D:5      | Reached XP level 6. HP: 32/32 MP: 6/11
  4329 | D:5      | Noticed Pikel
  4354 | D:5      | Killed Pikel
  4355 | D:5      | Reached skill level 6 in Earth Magic
  4355 | D:5      | Reached XP level 7. HP: 27/36 MP: 0/13
  4361 | D:5      | Reached XP level 8. HP: 32/41 MP: 9/14
  4404 | D:5      | Noticed Edmund
  4423 | D:5      | Killed Edmund
  4608 | D:5      | Reached skill level 7 in Earth Magic
  4857 | D:5      | Reached skill level 5 in Spellcasting
  5125 | D:5      | Found a burning altar of Makhleb.
  5197 | D:6      | Found Peatefiff's Magic Scroll Shoppe.
  5219 | D:6      | Bought a scroll of teleportation for 45 gold pieces
  5219 | D:6      | Bought a scroll of teleportation for 45 gold pieces
  5219 | D:6      | Bought a scroll of blinking for 112 gold pieces
  5236 | D:6      | Noticed Blork the orc
  5246 | D:6      | Killed Blork the orc
  5323 | D:6      | Identified the +0 pair of gloves of Dishonesty {Dex+4}
  5380 | D:6      | Noticed Maggie
  5396 | D:6      | Killed Maggie
  5397 | D:6      | Reached skill level 5 in Conjurations
  5397 | D:6      | Reached XP level 9. HP: 45/45 MP: 0/17
  5558 | D:6      | Noticed Grinder
  5561 | D:6      | Paralysed by Grinder for 5 turns
  5571 | D:6      | Killed Grinder
  5572 | D:6      | Reached skill level 1 in Fighting
  5572 | D:6      | Reached skill level 8 in Earth Magic
  5651 | D:6      | Reached skill level 5 in Transmutations
  5718 | D:6      | Found a sand-covered staircase.
  5726 | Ossuary  | Entered an ossuary
  6311 | Ossuary  | Noticed Menkaure
  6317 | Ossuary  | Killed Menkaure
  6464 | Ossuary  | Identified 3 scrolls of acquirement
  6467 | Ossuary  | Acquired an amulet of regeneration
  6481 | Ossuary  | Acquired a book of Annihilations
  6485 | Ossuary  | Acquired the +8 broad axe "Geonkaa" {vamp, rCorr Str+3}
  6565 | D:6      | Noticed Dowan
  6566 | D:6      | Killed Dowan
  6576 | D:6      | Noticed Duvessa
  6613 | D:6      | Killed Duvessa
  7023 | D:7      | Reached skill level 9 in Earth Magic
  7396 | D:6      | Reached XP level 10. HP: 29/56 MP: 2/19
  7510 | D:7      | Found a flagged portal.
  8068 | D:7      | Found the amulet of Elemental Vulnerability {rPois rF--
                  | rC-- AC+8}
  8199 | D:7      | Reached skill level 10 in Earth Magic
  9137 | D:8      | Found a radiant altar of Vehumet.
  9146 | D:8      | Became a worshipper of Vehumet
 10266 | D:9      | Noticed an eight-headed hydra
 10266 | D:9      | Noticed a tengu warrior
 10266 | D:9      | Noticed a centaur warrior
 10266 | D:9      | Noticed a centaur warrior
 10267 | D:9      | Noticed a kobold demonologist
 10284 | D:9      | Killed from afar by a meliai

Illustrated notes

Levels and vault maps discovered:
D:1:      noname_arrival_rooms_in_the_neighbourhood, layout_basic,
          ebering_ecumenical_altar_petrified, minmay_pentomino_u4
D:2:      layout_loops_cross, serial_shops, nicolae_shop_pleasant_corner_grove,
          uniq_crazy_yiuf_cottage
D:3:      layout_loops_corners, minmay_misc_feat_doors, grunt_ministairs_1,
          kennysheep_potato
D:4:      layout_loops_ring, minmay_temple_entry_ruins
D:5:      layout_loops_cross, lightli_temple_of_fire, uniq_edmund, uniq_pikel
D:6:      layout_basic, serial_shops, shop, gup_ossuary_entry_pyramid,
          skrybe_limestone_x, minmay_joined_circles, uniq_grinder, uniq_maggie,
          uniq_duvessa, uniq_blork_the_orc
D:7:      layout_loops_cross, enter_bailey_2
D:8:      layout_loops_corners, nicolae_vehumet_radiance, chequers_mini_garden,
          minmay_misc_feat_encased
D:9:      minmay_the_grid_triangle_9x9_recursive_2
          [minmay_the_grid_triangle_9x9_prize_top_heavy,
          minmay_the_grid_triangle_9x9_flanged_cone,
          minmay_the_grid_triangle_9x9_zippers_vertical,
          minmay_the_grid_triangle_9x9_windchime], layout_irregular_city,
          serial_shops, nicolae_shop_pleasant_corner_grove, roderic_batcave,
          hive_lemuel
Temple:   nicolae_temple_slightly_damp_pantheon

Skill      XL: |  1  2  3  4  5  6  7  8  9 10 |
---------------+-------------------------------+-----
Transmutations | 1 2 3 4 5 6 |  6.2
Earth Magic    | 4 5 6 7 9 10 | 10.8
Spellcasting   | 3 4 5 6 7 |  7.0
Conjurations   | 1 3 5 6 7 |  7.1
Fighting       | 3 4 |  4.6
Dodging        | |  1.5
Stealth        | |  2.1

Action                     |  1- 3 |  4- 6 |  7- 9 | 10-12 || total
---------------------------+-------+-------+-------+-------++-------
  Melee: Unarmed           |    10 |       |       |       ||    10
         Dagger            |     1 |    11 |       |       ||    12
         Broad axe         |       |       |     4 |     3 ||     7
   Cast: Sandblast         |    62 |    83 |   213 |   126 ||   484
         Stone Arrow       |       |       |     7 |       ||     7
         Petrify           |       |       |     7 |     9 ||    16
    Use: Potion            |       |     4 |     3 |     2 ||     9
         Scroll            |       |       |    11 |     1 ||    12
 Armour: Robe              |     2 |       |       |       ||     2
         Leather armour    |     6 |    23 |    19 |    66 ||   114
  Dodge: Dodged            |    17 |    12 |    42 |    82 ||   153
  Block: Other             |       |    12 |     7 |       ||    19
         Reflection        |       |     1 |       |       ||     1
